 Dungeon Crawl Stone Soup version 0.22-a0-15-g4f60a598d5 (webtiles) character file.

182 Kaname the Conjurer (level 5, 0/35 HPs)
             Began as a Demonspawn Wizard on Jan 2, 2018.
             Killed by divine providence
             ... invoked by an orc priest
              (14 damage)
             ... on level 3 of the Dungeon.
             The game lasted 00:06:19 (2206 turns).

Kaname the Conjurer (Demonspawn Wizard)             Turns: 2206, Time: 00:06:19

Health: 0/35       AC:  3    Str:  7    XL:     5   Next: 35%
Magic:  8/9        EV: 12    Int: 20    God:
Gold:   119        SH:  0    Dex: 12    Spells: 1/10 levels left

rFire    + . .     SeeInvis .   n - +1 whip (venom)
rCold    . . .     Gourm    .   (no shield)
rNeg     . . .     Faith    .   a - +0 robe
rPois    .         Spirit   .   b - +0 hat
rElec    .         Reflect  .   (no cloak)
rCorr    .         Harm     .   o - +0 pair of gloves {archery}
MR       .....                  (no boots)
Stlth    ++........             (no amulet)
HPRegen  0.11/turn              (no ring)
MPRegen  0.11/turn              (no ring)

@: no status effects
A: claws 1, fire resistance 1
a: no special abilities


You were on level 3 of the Dungeon.
You were not hungry.

You visited 1 branch of the dungeon, and saw 3 of its levels.

You collected 119 gold pieces.

Inventory:

Hand Weapons
 n - a +1 whip of venom (weapon)
Armour
 a - a +0 robe (worn)
 b - a +0 hat (worn)
 o - a +0 pair of gloves of archery (worn)
Wands
 q - a wand of clouds (3)
Scrolls
 c - a scroll of fear
 f - 2 scrolls of remove curse
 j - a scroll of fog {unknown}
 l - a scroll of teleportation {unknown}
 m - a scroll of immolation {unknown}
 p - a scroll of enchant armour
Potions
 g - a potion of agility {unknown}
 h - a potion of curing
 i - a potion of brilliance {unknown}
 k - 2 potions of invisibility
Comestibles
 d - 5 rations
 r - a chunk of flesh


   Skills:
 - Level 1.7 Dodging
 - Level 1.7 Stealth
 - Level 3.0 Spellcasting
 + Level 4.8 Conjurations
   Level 1.0 Summonings
 - Level 2.0 Translocations


You had one spell level left.
You knew the following spells:

 Your Spells              Type           Power        Failure   Level  Hunger
a - Magic Dart            Conj           ###.         1%          1    None
b - Blink                 Tloc           N/A          9%          2    ##.....
c - Mephitic Cloud        Conj/Pois/Air  #.......     22%         3    ###....
d - Conjure Flame         Conj/Fire      ##......     16%         3    ###....


Dungeon Overview and Level Annotations

Branches:
Dungeon (3/15)

Altars:


Innate Abilities, Weirdness & Mutations

You have sharp fingernails.
Your flesh is heat resistant. (rF+)


Message History

There is a stone staircase leading down here.
You start resting.
HP restored.
You climb downwards.
The orc priest mumbles some strange prayers to Beogh against you.
Beogh smites you!
There is a stone staircase leading up here.
You hit the orc priest.
The orc priest is poisoned.
The orc priest is lightly wounded.
The orc priest hits you with a short sword. x2
Casting: Magic Dart
Confirm with . or Enter, or press ? or * to list all spells.
Aiming: Magic Dart
Press: ? - help, Shift-Dir - straight line, f - orc priest
Aim: an orc priest, wielding a short sword and wearing a leather armour (lightly wounded, poisoned)
The magic dart hits the orc priest.
The orc priest is moderately wounded.
The orc priest calls down the wrath of Beogh upon you.
Beogh smites you!
You die...

#....##.#.#
#.# ####
#.#.# #g#
#.#.###)#
#...#...#
#.###.###
#..>#o#
#.#.#g#
#.#.#.#
#.#@#b#
#.#o#.#
#.#...#
#.##### ..


You could see an orc priest.

Vanquished Creatures
  Ijyb (D:3)
  3 gnolls (D:3)
  6 adders
  A worm (D:2)
  3 dart slugs
  4 orcs (D:3)
  8 bats
  4 giant cockroaches
  6 goblins
  10 hobgoblins
  6 jackals (D:2)
  A ball python (D:2)
  A frilled lizard (D:1)
  2 kobolds
  7 rats
63 creatures vanquished.

Notes
Turn   | Place    | Note
-------+----------+-------------------------------------------
     0 | D:1      | Kaname the Demonspawn Wizard began the quest for the Orb.
     0 | D:1      | Reached XP level 1. HP: 13/13 MP: 4/4
   287 | D:1      | Reached skill level 2 in Conjurations
   469 | D:1      | Gained mutation: You have sharp fingernails. [demonic ancestry]
   469 | D:1      | Reached XP level 2. HP: 19/19 MP: 3/6
   940 | D:2      | Reached skill level 3 in Conjurations
   940 | D:2      | Reached XP level 3. HP: 3/24 MP: 1/7
  1120 | D:2      | Learned a level 2 spell: Blink
  1124 | D:2      | Learned a level 3 spell: Mephitic Cloud
  1314 | D:2      | Gained mutation: Your flesh is heat resistant. (rF+) [demonic ancestry]
  1314 | D:2      | Reached XP level 4. HP: 30/30 MP: 3/8
  1328 | D:2      | Reached skill level 4 in Conjurations
  1333 | D:2      | Learned a level 3 spell: Conjure Flame
  1414 | D:2      | Reached skill level 1 in Translocations
  1721 | D:3      | Noticed Ijyb
  1738 | D:3      | Killed Ijyb
  1740 | D:3      | Reached XP level 5. HP: 13/35 MP: 1/9
  2206 | D:3      | Killed from afar by an orc priest

Vault maps used:
D:1:      dpeg_arrival_tiny_a
D:2:      lemuel_upstairs_altar, first_ration
D:3:      uniq_natasha, uniq_ijyb

Skill      XL: |  1  2  3  4 |
---------------+-------------+-----
Conjurations   | 2 3 4 |  4.8
Translocations | 2 |  2.0
Dodging        | |  1.7
Stealth        | |  1.7
Spellcasting   | |  3.0
Summonings     | |  1.0

Action                   |  1- 3 |  4- 6 || total
-------------------------+-------+-------++-------
Melee: Unarmed           |    11 |     6 ||    17
       Whip              |       |    43 ||    43
 Cast: Magic Dart        |    73 |    60 ||   133
  Use: Potion            |     1 |       ||     1
       Scroll            |       |     4 ||     4
 Stab: Distracted        |       |     1 ||     1
       Sleeping          |       |     1 ||     1
  Eat: Chunk             |     1 |     3 ||     4
Armor: Robe              |     4 |    12 ||    16
Dodge: Dodged            |    15 |    64 ||    79

Table legend:
 A = Spawn XP
 B = Non-spawn XP
 C = Spawn XP percentage of total XP
 D = Spawn monster count
 E = Non-spawn monster count
 F = Spawn count percentage of total count
 G = Total turns spent on level
                    A         B        C        D         E        F      G
               +---------+---------+-------+---------+---------+-------+---------
         Total |       0 |     261 |   0.0 |       0 |      63 |   0.0 |  2206
               +---------+---------+-------+---------+---------+-------+---------
           D:1 |       0 |      35 |   0.0 |       0 |      18 |   0.0 |  1014
           D:2 |       0 |     113 |   0.0 |       0 |      30 |   0.0 |   837
           D:3 |       0 |     113 |   0.0 |       0 |      15 |   0.0 |   355
               +---------+---------+-------+---------+---------+-------+---------
